 Dungeon Crawl Stone Soup version 0.28-a0-1555-g9ae15a6949 (webtiles) character file.

Game seed: 5117014814631639662

45 miscthings the Charlatan (level 3, -9/28 HPs)
             Began as a Demigod Artificer on Jan 18, 2022.
             Mangled by a gnoll (14 damage)
             ... on level 2 of the Dungeon.
             The game lasted 00:02:06 (1369 turns).

miscthings the Charlatan (Demigod Artificer)        Turns: 1369, Time: 00:02:07

Health: -9/28      AC:  3    Str: 17    XL:     3   Next: 25%
Magic:  5/5        EV: 11    Int: 13    God:
Gold:   18         SH:  0    Dex: 14    Spells: 2/2 levels left

rFire   . . .      SeeInvis .   f - staff of cold
rCold   + . .      Faith    .   (no shield)
rNeg    . . .      Spirit   .   b - +0 leather armour
rPois   .          Reflect  .   (no helmet)
rElec   .          Harm     .   (no cloak)
rCorr   .          Rampage  .   (no gloves)
Will    .....                   (no boots)
Stlth   +.........              g - amulet of the acrobat
HPRegen 0.09/turn               (no ring)
MPRegen 0.09/turn               (no ring)

@: no status effects
A: high mp 1, forlorn, divine attributes
a: no special abilities


You were on level 2 of the Dungeon.
You visited 1 branch of the dungeon, and saw 2 of its levels.

You collected 18 gold pieces.

Inventory:

Hand Weapons
 a - a +0 club
Armour
 b - a +0 leather armour (worn)
Magical Staves
 f - a staff of cold (weapon)
Jewellery
 g - an amulet of the acrobat (around neck)
Wands
 c - a wand of flame (10) (quivered)
 d - a wand of charming (14)
Scrolls
 i - a scroll of identify {unknown}
 j - a scroll of enchant armour {unknown}
Potions
 h - a potion of curing {unknown}
Miscellaneous
 e - a piece from Xom's chessboard (15/15)


   Skills:
 - Level 1.1 Fighting
 * Level 1.5 Staves
 - Level 1.9 Armour
 - Level 1.1 Dodging
 - Level 0.8 Stealth
 + Level 3.4 Evocations


You had 2 spell levels left.
You didn't know any spells.
Your spell library contained the following spells:

 Spells                   Type           Power      Damage    Failure   Level
 Call Canine Familiar     Summ           0%         N/A       73%         3
 Portal Projectile        Hex/Tloc       0%         N/A       73%         3
 Leda's Liquefaction      Hex/Erth       0%         N/A       98%         4


Dungeon Overview and Level Annotations

Branches:
Dungeon (2/15)


Innate Abilities, Weirdness & Mutations

You have an increased reservoir of magic. (+10% MP)
You shall have no god before yourself.
Your divine heritage dramatically boosts your attributes as you level up.


Message History

The gnoll is charmed.
The gnoll shouts!
What are your orders? t - Shout!
Orders for allies: a - Attack new target. p - Attack previous target. r - Retreat! s - Stop attacking. g - Guard the area. f - Follow me.
Anything else - Cancel.
Guard this area!
Your gnoll barely misses the gnoll.
The gnoll hits your gnoll with a +0 flail!
Your gnoll hits the gnoll with a +0 spear.
The gnoll barely misses your gnoll.
Your gnoll barely misses the gnoll.
The gnoll hits your gnoll with a +0 flail!
Your gnoll dies!
The gnoll completely misses you.
You hit the gnoll but do no damage.
The gnoll is heavily wounded.
The gnoll hits you with a +0 spear!
You barely miss the gnoll.
The gnoll is heavily wounded.
The gnoll hits you with a +0 spear. The gnoll misses you.
Aiming: Throw Flame
Press: ? - help, Shift-Dir - straight line, f - gnoll
Aim: a gnoll, wielding a +0 spear (heavily wounded, 75% to hit)
The puff of flame hits the gnoll!
You kill the gnoll!
Your piece from Xom's chessboard (15/15) has regained one charge.
Aiming: Throw Flame
Press: ? - help, Shift-Dir - straight line, f - gnoll
Aim: a gnoll, wielding a +0 flail (moderately wounded, 75% to hit)
The puff of flame misses the gnoll.
You hit the gnoll.
The gnoll is moderately wounded.
The gnoll hits you with a +0 flail!
* * * LOW HITPOINT WARNING * * *
The gnoll hits you with a +0 flail!
Ouch! That really hurt!
You die...

#.# #.# #.# #.#
#.# #.# # #.# .#
#@# #######.##
#g# #.........
#)###.##..####
#.........######
#....<..........
##)##.##..####.#
#.##)##..##
#.##.##...#
#.##.###..#


You could see a gnoll.

Vanquished Creatures
  2 gnolls (D:2)
  3 dart slugs (D:1)
  3 bats (D:1)
  2 giant cockroaches (D:1)
  4 goblins (D:1)
  2 hobgoblins (D:1)
  A ball python (D:1)
  A frilled lizard (D:1)
  A rat (D:1)
19 creatures vanquished.

Vanquished Creatures (others)
  A gnoll (D:2)
1 creature vanquished.

Grand Total: 20 creatures vanquished

Notes
Turn   | Place    | Note
-------+----------+-------------------------------------------
     0 | D:1      | miscthings the Demigod Artificer began the quest for the
                  | Orb.
     0 | D:1      | Reached XP level 1. HP: 15/15 MP: 3/3
    69 | D:1      | Reached skill level 1 in Fighting
    80 | D:1      | Reached skill level 1 in Dodging
   223 | D:1      | Reached XP level 2. HP: 5/23 MP: 4/4
   229 | D:1      | Reached skill level 3 in Evocations
   993 | D:1      | HP: 1/23 [bat (1)]
   994 | D:1      | Reached skill level 1 in Staves
  1333 | D:2      | Reached XP level 3. HP: 28/28 MP: 5/5
  1369 | D:2      | Mangled by a gnoll

Illustrated notes

Levels and vault maps discovered:
D:1:      minmay_arrival_radiant_lines, layout_basic,
          dreamdust_ecumenical_altar_grove
D:2:      layout_loops_ring

Skill      XL: |  1  2 |
---------------+-------+-----
Fighting       | 1 |  1.1
Dodging        | 1 |  1.1
Evocations     | 3 |  3.4
Staves         | 1 |  1.5
Armour         | |  1.9
Stealth        | |  0.8

Action                   || total
-------------------------++-------
Melee: Staff             ||    79
       Punch             ||     1
Evoke: Wand              ||     6
       Piece from Xom's  ||     2
 Stab: Sleeping          ||     1
       Petrified         ||    10
Armor: Leather armour    ||    17
Dodge: Dodged            ||    51

Table legend: (Time is in decaauts)
 A = Elapsed time spent in this place.
 B = Non-inter-level travel time spent in this place.
 C = Inter-level travel time spent in this place.
 D = Time resting spent in this place.
 E = Time spent auto-exploring this place.
 F = Levels seen in this place.
 G = Mean time per level.
                   A        B        C        D        E       F      G
               +--------+--------+--------+--------+--------+-----+--------+
         Total |   1381 |   1375 |      6 |    547 |    591 |   2 |  690.5 |
       Dungeon |   1381 |   1375 |      6 |    547 |    591 |   2 |  690.5 |
               +--------+--------+--------+--------+--------+-----+--------+

Top non-repeatable levels by time:
     D:1: 1299 daAuts
     D:2: 82 daAuts
